 Dungeon Crawl Stone Soup version 0.32-a0-768-g0f6f1dd4b9 (webtiles) character file.

Game seed: 9797861861265707142

18 ezpacito the Trooper (level 2, 0/24 HPs)
             Began as a Coglin Chaos Knight on Mar 18, 2024.
             Was a Plaything of Xom.
             Succumbed to an adder's poison
             ... on level 2 of the Dungeon.
             The game lasted 00:00:33 (750 turns).

ezpacito the Trooper (Coglin Chaos Knight)           Turns: 750, Time: 00:00:34

Health: 0/24       AC:  5    Str: 12    XL:     2   Next: 70%
Magic:  2/2        EV: 10    Int: 11    God:    Xom [..*...]
Gold:   52         SH:  0    Dex: 13    Spells: 1/1 levels left

rFire   . . .        a - +0 hand axe (chaos) {Hilda}
rCold   . . .        d - +0 dagger {Gustavo}
rNeg    . . .        b - +2 leather armour
rPois   .            (no helmet)
rElec   .            (no cloak)
rCorr   .            (no gloves)
SInv    .            (no boots)
Will    .....        (amulet unavailable)
Stlth   +            (ring unavailable)
HPRegen 0.24/turn    (ring unavailable)
MPRegen 0.08/turn    (no gizmo)

%: no passive effects
@: lethally poisoned (0 -> -4), revving
A: off-hand wielding, slow wielding, warmup strikes, no jewellery
a: Invent Gizmo, Renounce Religion


You were on level 2 of the Dungeon.
You worshipped Xom.
You were a toy of Xom.
You visited 1 branch of the dungeon, and saw 2 of its levels.

You collected 52 gold pieces.

Inventory:

Hand Weapons
 a - a +0 hand axe of chaos (weapon) {Hilda}
 d - a +0 dagger (offhand) {Gustavo}
Armour
 b - a +2 leather armour (worn)
 h - a +0 pair of gloves
 i - a +0 pair of gloves
Jewellery
 j - a +4 ring of slaying
Talismans
 k - a beast talisman
Scrolls
 e - a scroll of identify {unknown}
 f - a scroll of acquirement {unknown}
 g - a scroll of revelation {unknown}


   Skills:
 * Level 3.2 Fighting
 * Level 3.1 Axes
 + Level 0.2(1.7) Polearms
 * Level 2.0 Armour
 * Level 1.1 Dodging
 + Level 0.3 Stealth
 + Level 0.3 Spellcasting


You had one spell level left.
You didn't know any spells.
Your spell library contained the following spells:

 Spells                   Type           Power      Damage    Failure   Level
 Apportation              Tloc           0%         N/A       41%         1
 Necrotise                Necr           0%         1d4       41%         1
 Sting                    Conj/Alch      0%         1d3       41%         1
 Summon Small Mammal      Summ           0%         N/A       41%         1
 Tukima's Dance           Hex            0%         N/A       78%         3
 Dimensional Bullseye     Hex/Tloc       0%         N/A       99%         4
 Iskenderun's Mystic Bla  Conj/Tloc      0%         2d3       99%         4


Dungeon Overview and Level Annotations

Branches:
Dungeon (2/15)

Altars:


Innate Abilities, Weirdness & Mutations

You can wield a second weapon in your off-hand.
It takes a long time for you to wield or remove held weapons.
Your first few attacks do less damage.
You cannot equip rings or amulets.


Message History

You hit the ribbon worm but do no damage.
The bat closely misses you.
The ribbon worm expels a string of sticky webbing.
The stream of webbing hits you but does no damage.
You are caught in a web!
The kobold throws a stone.
The stone hits you but does no damage.
You struggle to detach yourself from the web.
The bat hits you but does no damage.
The kobold throws a stone.
The stone barely misses you.
The stone barely misses the bat.
The ribbon worm bites you. The kobold completely misses you.
You take 4 damage, and have 9/24 hp.
The web tears apart.
The bat barely misses you. The adder bites you.
You are poisoned.
The adder poisons you! The kobold barely misses you. The ribbon worm bites you.
* * * LOW HITPOINT WARNING * * *
You take 5 damage, and have 4/24 hp.
MASSIVE DAMAGE!!
You hit the ribbon worm with your +0 hand axe of chaos.
The ribbon worm is severely wounded.
You hit the kobold but do no damage.
You closely miss the adder with your +0 hand axe of chaos.
You hit the bat with your +0 hand axe of chaos.
You freeze the bat.
You kill the bat!
You barely miss the ribbon worm with your +0 dagger.
* * * LOW HITPOINT WARNING * * *
You feel sick. The adder bites you but does no damage.
You take 2 damage, and have 2/24 hp.
You aren't carrying any potions.
As you read the scroll of butterflies, it crumbles to dust.
You hear the flapping of tiny wings.
The kobold is knocked back by the sudden gust.
The adder is knocked back by the sudden gust.
The ribbon worm is knocked back by the sudden gust.
The kobold is knocked back by the sudden gust.
* * * LOW HITPOINT WARNING * * *
You feel sick. The adder barely misses your butterfly.
You take 1 damage, and have 1/24 hp.
You swap places.
You die...
Xom howls with laughter!

#......
########......
#.......bbb.####
#....bb..Kb.....
#.....b...b..b.
#.....bbbbbb#
#...b†.bbbbb##
#.....bbbbbwK#..
#......b@bbb.bb..
##########bbbb#..
b.b#b# .##S#.# b#
#(.% .# #.# .. #.


You could see a ribbon worm (catching breath, ally target), an adder (ally
target) and 2 kobolds.

Vanquished Creatures
  A giant cockroach (D:1)
  A goblin (D:1)
  A hobgoblin (D:1)
  4 jackals (D:1)
  A kobold (D:1)
  A quokka (D:1)
  3 ball pythons
  2 bats
  3 rats (D:1)
17 creatures vanquished.

Notes
Turn   | Place    | Note
-------+----------+-------------------------------------------
     0 | D:1      | ezpacito the Coglin Chaos Knight began the quest for the
                  | Orb.
     0 | D:1      | Reached XP level 1. HP: 18/18 MP: 1/1
     6 | D:1      | XOM: silly message
   183 | D:1      | Reached skill level 1 in Dodging
   201 | D:1      | Reached XP level 2. HP: 24/24 MP: 2/2
   307 | D:1      | XOM: silly message
   749 | D:2      | HP: 1/24 [poisoned by an adder]
   750 | D:2      | Succumbed to an adder's poison

Illustrated notes

Levels and vault maps discovered:
D:1:      matt_arrival_diagonals, layout_basic
D:2:      minmay_general_purpose_star, layout_rooms, minmay_tiny_reverse_x

Skill      XL: |  1  2 |
---------------+-------+-----
Dodging        | 1 |  1.1
Armour         | 2 |  2.0
Fighting       | |  3.2
Axes           | |  3.1
Polearms       | |  0.2
Stealth        | |  0.3
Spellcasting   | |  0.3

Action                     || total
---------------------------++-------
  Melee: Hand axe          ||    37
         Dagger            ||    33
    Use: Scroll            ||     1
 Armour: Leather armour    ||    28
  Dodge: Dodged            ||    22

Table legend: (Time is in decaauts)
 A = Elapsed time spent in this place.
 B = Non-inter-level travel time spent in this place.
 C = Inter-level travel time spent in this place.
 D = Time resting spent in this place.
 E = Time spent auto-exploring this place.
 F = Levels seen in this place.
 G = Mean time per level.
                   A        B        C        D        E       F      G
               +--------+--------+--------+--------+--------+-----+--------+
         Total |    751 |    627 |    124 |      0 |    536 |   2 |  375.5 |
       Dungeon |    751 |    627 |    124 |      0 |    536 |   2 |  375.5 |
               +--------+--------+--------+--------+--------+-----+--------+

Top non-repeatable levels by time:
     D:1: 737 daAuts
     D:2: 14 daAuts
